 Dungeon Crawl Stone Soup version 0.27-a0-906-g0a00ce863d (webtiles) character file.

Game seed: 8854584666845781333

1465 Lanoc the Skirmisher (level 8, -3/53 HPs)
             Began as a Gargoyle Chaos Knight on Apr 7, 2021.
             Was an Elder of Cheibriados.
             Slain by a lorocyproca (7 damage)
             ... on level 2 of the Abyss.
             The game lasted 00:06:38 (4271 turns).

Lanoc the Skirmisher (Gargoyle Chaos Knight)        Turns: 4271, Time: 00:06:38

Health: -3/53      AC: 11    Str: 26    XL:     8   Next: 77%
Magic:  0/8        EV: 15    Int: 25    God:    Cheibriados [****..]
Gold:   283        SH:  0    Dex: 23    Spells: 7/7 levels left

rFire    . . .     SeeInvis .   u - +4 broad axe of Fedhas's Approval {venom, rC- rN+++ Will++ Stlth+}
rCold    x . .     Faith    .   (no shield)
rNeg     + + +     Spirit   .   b - +2 leather armour
rPois    ∞         Reflect  .   (no helmet)
rElec    +         Harm     .   (no cloak)
rCorr    +         Rampage  .   (no gloves)
Will     ++...                  (no boots)
Stlth    +++.......             o - amulet of regeneration
HPRegen  1.17/turn              c - ring of resist corrosion
MPRegen  0.11/turn              (no ring)

@: about to teleport, very slow
A: AC +5, negative energy resistance 1, electricity resistance, torment
resistance 1, unbreathing 1, petrification resistance, agile 1, clever 1,
deterioration 1
a: Renounce Religion, Bend Time, Temporal Distortion, Slouch


You were on level 2 of the Abyss.
You worshipped Cheibriados.
Cheibriados was greatly pleased with you.
You visited 1 branch of the dungeon, and saw 6 of its levels.
You visited the Abyss 1 time.

You collected 283 gold pieces.

Inventory:

Hand Weapons
 e - a +2 vampiric short sword
 u - the +4 broad axe of Fedhas's Approval (weapon) {venom, rC- rN+++ Will++ Stlth+}
   (You found it on level 2 of the Abyss)

   It poisons the flesh of those it strikes.
   It makes you vulnerable to cold.
   It renders you almost immune to negative energy.
   It greatly increases your willpower.
   It makes you more stealthy.
Missiles
 f - a throwing net
 h - 5 curare-tipped darts (quivered)
Armour
 b - a +2 leather armour (worn)
Jewellery
 c - a ring of resist corrosion (left hand)
 o - an amulet of regeneration (around neck)
Wands
 s - a wand of acid (7)
Scrolls
 a - 2 scrolls of amnesia {unknown}
 g - 2 scrolls of noise {unknown}
 i - 3 scrolls of identify {unknown}
 l - a scroll of holy word {unknown}
 m - a scroll of fear {unknown}
 r - a scroll of enchant weapon {unknown}
 t - a scroll of silence {unknown}
Potions
 j - a potion of mutation
 k - a potion of lignification {unknown}
 n - 2 potions of heal wounds {unknown}
 p - a potion of berserk rage {unknown}
 q - a potion of degeneration {unknown}


   Skills:
 + Level 7.4 Fighting
 - Level 3.2 Maces & Flails
 + Level 6.9 Armour
 + Level 5.0 Dodging


You had 7 spell levels left.
You didn't know any spells.
Your spell library contained the following spells:

 Spells                   Type           Power      Damage    Failure   Level
 Animate Skeleton         Necr           0%         N/A       16%         1
 Magic Dart               Conj           0%         1d3       16%         1
 Pain                     Necr           0%         1d4       16%         1
 Blink                    Tloc           N/A        N/A       22%         2
 Call Imp                 Summ           0%         N/A       22%         2
 Slow                     Hex            0%         N/A       22%         2
 Confusing Touch          Hex            0%         N/A       41%         3
 Conjure Flame            Conj/Fire      0%         6-21      41%         3
 Gell's Gravitas          Tloc           0%         N/A       41%         3
 Mephitic Cloud           Conj/Pois/Air  0%         N/A       41%         3
 Vampiric Draining        Necr           0%         2d6       41%         3
 Animate Dead             Necr           0%         N/A       83%         4
 Petrify                  Tmut/Erth      0%         N/A       83%         4
 Agony                    Necr           0%         N/A       99%         5
 Metabolic Englaciation   Hex/Ice        0%         N/A       99%         5
 Yara's Violent Unravell  Hex/Tmut       0%         3d3       99%         5


Dungeon Overview and Level Annotations

Branches:
Dungeon (7/15)
 Temple: D:4-7

Altars:
Cheibriados
Dithmenos
Xom
The Shining One


Innate Abilities, Weirdness & Mutations

Your stone body is resilient. (AC +5)
You are immune to poison.
You resist negative energy. (rN+)
You are resistant to electric shocks. (rElec)
You are resistant to unholy torment.
You can survive without breathing.
You are immune to petrification.
You are agile. (Dex +2)
Your mind is acute. (Int +2)
Your body sometimes deteriorates upon taking damage.


Message History

You hit the tarantella but do no damage.
The tarantella bites you but does no damage.
The tarantella bites you.
You hit the tarantella but do no damage.
The tarantella is poisoned.
The tarantella closely misses you. The tarantella completely misses you.
You completely miss the tarantella.
The tarantella is moderately wounded.
The tarantella closely misses you. The tarantella barely misses you.
You closely miss the tarantella.
The tarantella is heavily wounded.
The tarantella bites you but does no damage.
The tarantella closely misses you.
The tarantella bites you but does no damage.
You closely miss the tarantella.
The tarantella is heavily wounded.
The tarantella bites you but does no damage. x2
You slice the tarantella!!
You kill the tarantella!
Cheibriados thoroughly appreciates the change of pace.
Your Dodging skill increases to level 5!
An ufetubus comes into view.
As you read the scroll of teleportation, it crumbles to dust.
You feel strangely unstable.
You feel the power of the Abyss delaying your translocation!
Deactivating autopickup; reactivate with Ctrl-A.
You barely miss something. Something hits you!!
Ouch! That really hurt!
You feel your power leaking away. Something hits you!
You hear a roar!
The ufetubus shouts!
Something hits you!!
* * * LOW HITPOINT WARNING * * *
A raiju comes into view.
It was a potion of mutation.
You feel extremely strange.
You shed all your fur.
You feel clever.
You feel yourself wasting away.
You feel agile. Something hits you!
You die...

#..#.....#..h..
...............#
...............## .
....5... ......
#..#..... ......
...###...###....#
....#.....#...§..#
#.....@......§..##
#..................
##............. ..
#..#.....#...§..#
...###...###..§ .#
#.....#......... #
≈≈≈≈≈≈≈ ........
≈≈≈≈≈≈≈≈≈≈≈≈ ≈≈ ≈≈
≈ ≈≈≈≈≈≈≈ ≈≈≈≈≈♣♣≈


You could see a raiju and an ufetubus.

Vanquished Creatures
  A tarantella (shapeshifter) (Abyss:2)
  A water moccasin (D:7)
  A sky beast (D:4)
  An ice beast (D:5)
  A necrophage (D:4)
  2 ogres (D:4)
  2 scorpions
  A water moccasin zombie (D:5)
  A water moccasin skeleton (D:5)
  A centaur skeleton (D:5)
  3 hounds (D:4)
  A bullfrog skeleton (D:4)
  A gnoll shaman (D:7)
  An orc priest (D:7)
  2 iguanas
  An orc wizard (D:3)
  A hound skeleton (D:4)
  7 gnolls
  8 adders
  A shadow imp (D:5)
  2 ufetubi (D:4)
  An adder skeleton (D:4)
  An adder zombie (D:4)
  2 dart slugs (D:2)
  12 orcs
  5 ball pythons
  8 bats
  5 endoplasms
  8 giant cockroaches
  6 goblins
  7 hobgoblins
  4 jackals
  5 quokkas
  3 frilled lizards
  7 kobolds
  5 rats
119 creatures vanquished.

Vanquished Creatures (others)
  A hound (D:4)
  An orc wizard (D:4)
  2 endoplasms (D:4)
  A giant cockroach (D:4)
  A jackal (D:4)
6 creatures vanquished.

Grand Total: 125 creatures vanquished

Notes
Turn   | Place    | Note
-------+----------+-------------------------------------------
     0 | D:1      | Lanoc the Gargoyle Chaos Knight began the quest for the
                  | Orb.
     0 | D:1      | Reached XP level 1. HP: 14/14 MP: 1/1
    21 | D:1      | Found a faded altar of an unknown god.
    42 | D:1      | Fell from the grace of Xom
    42 | D:1      | Became a worshipper of Cheibriados the Contemplative
    42 | D:1      | Reached * piety under Cheibriados
   137 | D:1      | Reached skill level 1 in Dodging
   137 | D:1      | Reached XP level 2. HP: 17/19 MP: 2/2
   227 | D:1      | XOM: polymorph endoplasm -> kobold
   443 | D:1      | Reached XP level 3. HP: 23/23 MP: 3/3
   739 | D:2      | Found a glowing golden altar of the Shining One.
   772 | D:2      | Reached ** piety under Cheibriados
   818 | D:2      | XOM: cloud trail
   898 | D:2      | Reached skill level 4 in Fighting
   898 | D:2      | Reached XP level 4. HP: 14/29 MP: 4/4
  1037 | D:2      | XOM: draining
  1165 | D:2      | XOM: cloud trail
  1407 | D:2      | XOM: torment (20/28 hp)
  1561 | D:2      | XOM: give mutation
  1561 | D:2      | Gained mutation: You are covered in fur. (AC +1) [Xom's
                  | grace]
  1616 | D:2      | Reached XP level 5. HP: 33/33 MP: 5/5
  1620 | D:2      | Reached *** piety under Cheibriados
  2643 | D:4      | Noticed a sky beast
  2758 | D:4      | Reached XP level 6. HP: 20/40 MP: 6/6
  2761 | D:4      | XOM: noise
  2769 | D:4      | Reached skill level 5 in Fighting
  2788 | D:4      | Found a shimmering altar of Xom.
  2848 | D:4      | XOM: silly message
  2968 | D:4      | Reached **** piety under Cheibriados
  3100 | D:4      | Killed a sky beast
  3315 | D:4      | Reached skill level 5 in Armour
  3315 | D:4      | Reached XP level 7. HP: 23/45 MP: 7/7
  3315 | D:4      | XOM: silly message
  3390 | D:4      | XOM: divination: magic mapping
  3641 | D:5      | Entered Level 5 of the Dungeon
  3698 | D:5      | Found a shadowy altar of Dithmenos.
  3787 | D:4      | Reached skill level 6 in Fighting
  3853 | D:4      | Reached XP level 8. HP: 52/52 MP: 8/8
  3944 | D:5      | You fall into a shaft and drop 2 floors!
  4067 | D:7      | XOM: 1-stop teleportation journey
  4093 | D:7      | Reached skill level 7 in Fighting
  4188 | D:7      | XOM: noise
  4214 | D:7      | Cast into level 2 of the Abyss (orc wizard)
  4254 | Abyss:2  | Identified the +4 broad axe of Fedhas's Approval {venom,
                  | rC- rN+++ Will++ Stlth+}
  4257 | Abyss:2  | Noticed a tarantella
  4257 | Abyss:2  | Noticed a smoke demon
  4265 | Abyss:2  | Killed a tarantella
  4266 | Abyss:2  | Reached skill level 5 in Dodging
  4270 | Abyss:2  | Noticed a raiju
  4271 | Abyss:2  | Lost mutation: You are covered in fur. (AC +1) [potion of
                  | mutation]
  4271 | Abyss:2  | Gained mutation: Your mind is acute. (Int +2) [potion of
                  | mutation]
  4271 | Abyss:2  | Gained mutation: Your body sometimes deteriorates upon
                  | taking damage. [potion of mutation]
  4271 | Abyss:2  | Gained mutation: You are agile. (Dex +2) [potion of
                  | mutation]
  4271 | Abyss:2  | Slain by a lorocyproca

Illustrated notes

Levels and vault maps discovered:
D:1:      shiori_arrival_elements, layout_loops_ring, basic_ecumenical_altar
D:2:      minmay_chambers_of_twos, layout_basic, basic_altar
D:3:      layout_loops_corners, st_stairs_6, palyth_stone_intersect
D:4:      layout_rooms, xom_confusion_cloud, chequers_serial_rivers_micro_b
D:5:      layout_cave_pools, grunt_temple_overflow_order_and_chaos_2,
          kennysheep_mini_moat, overflow_temple_1_default,
          kennysheep_generic_room_3
D:7:      layout_basic
Abyss:2:  base: D:4, evilmike_abyss_exit_5, hangedman_elemental_corridor

Skill      XL: |  1  2  3  4  5  6  7  8 |
---------------+-------------------------+-----
Dodging        | 1 2 3 4 5 |  5.0
Armour         | 3 4 5 6 |  6.9
Fighting       | 4 5 6 7 |  7.4
Maces & Flails | |  3.2

Action                   |  1- 3 |  4- 6 |  7- 9 || total
-------------------------+-------+-------+-------++-------
Melee: Mace              |    19 |       |       ||    19
       Short sword       |    89 |   221 |   181 ||   491
       Broad axe         |       |       |     7 ||     7
Throw: Dart              |       |     1 |       ||     1
       Throwing net      |       |     1 |       ||     1
  Use: Potion            |     2 |       |     1 ||     3
       Scroll            |       |       |     2 ||     2
 Stab: Sleeping          |     2 |     3 |       ||     5
       Held in net/web   |       |     1 |       ||     1
Armor: Leather armour    |    59 |   109 |   171 ||   339
Dodge: Dodged            |    72 |   151 |   364 ||   587

Table legend: (Time is in decaauts)
 A = Elapsed time spent in this place.
 B = Non-inter-level travel time spent in this place.
 C = Inter-level travel time spent in this place.
 D = Time resting spent in this place.
 E = Time spent auto-exploring this place.
 F = Levels seen in this place.
 G = Mean time per level.
                   A        B        C        D        E       F      G
               +--------+--------+--------+--------+--------+-----+--------+
         Total |   5999 |   5926 |     73 |      0 |   4754 |   7 |  857.0 |
       Dungeon |   5905 |   5832 |     73 |      0 |   4754 |   6 |  984.2 |
         Abyss |     94 |     94 |      0 |      0 |      0 |   1 |   94.0 |
               +--------+--------+--------+--------+--------+-----+--------+

Top non-repeatable levels by time:
     D:4: 1469 daAuts
     D:3: 1348 daAuts
     D:2: 1343 daAuts
     D:1: 951 daAuts
     D:7: 436 daAuts
     D:5: 355 daAuts
 Abyss:2: 94 daAuts
